Map: Cyber Forest LE

Players

Gerald - Winner!

  • Race: Protoss Protoss
  • Spawn Location: 5:00

hinO

  • Race: Zerg Zerg
  • Spawn Location: 11:00

Event: 2019 WCS Summer

VOD

Have the link to the VOD?

Description

Time

  • Played on: July 12, 2019, 6:28 a.m.
  • Length: 8:02

All games in this series

Show
View Real Time Build Order
Export as new Build Order

Gerald Protoss - Winner!

Build Orders: 1 Gate Expand, Zealot Archon, Archon Drop, Dark Templar Rush 

Get SALT Encoding   

  12  0:00  Probe  
  13  0:13  Probe  
  14  0:20  Pylon  
  14  0:25  Probe  
  14  0:28  Assimilator  
  15  0:35  Probe  
  16  0:43  Probe  
  16  0:44  Gateway  
  17  0:52  Probe  
  18  1:04  Probe  
  19  1:16  Probe  
  20  1:25  Nexus  
  20  1:28  Probe  
  21  1:37  Cybernetics Core  
  21  1:40  Probe  
  22  1:48  Assimilator  
  22  1:51  Pylon  
  22  1:55  Probe  
  23  2:04  Adept  
  23  2:09  Probe  
  26  2:17  Twilight Council  
  26  2:18  Warp Gate  
  26  2:21  Probe  
  27  2:25  Stalker  
  27  2:33  Probe  
  30  2:37  Probe  
  31  2:45  Probe  
  31  2:50  Probe  
  33  2:51  Robotics Facility  
  33  2:57  Probe  
  34  3:02  Probe  
  35  3:09  Probe, Gateway  
  36  3:14  Probe  
  36  3:18  Dark Shrine  
  37  3:21  Probe  
  37  3:26  Probe  
  39  3:34  Probe  
  40  3:35  Warp Prism  
  40  3:36  Pylon  
  40  3:40  Probe  
  43  3:48  Gateway  
  43  3:53  Probe, Gateway  
  42  3:57  Gateway  
  42  4:02  Probe  
  43  4:03  Assimilator  
  43  4:05  Probe  
  43  4:07  Assimilator, Pylon  
  44  4:14  Probe, Adept x2  
  49  4:17  Probe  
  49  4:19  Warp Prism  
  52  4:31  Probe  
  52  4:33  Probe  
  52  4:35  Pylon  
  52  4:38  Dark Templar x2  
  58  4:47  Probe  
  58  4:52  Dark Templar  
  61  4:53  Dark Templar  
  63  5:01  Pylon  
  59  5:18  Probe  
  58  5:23  Dark Templar x2  
  58  5:25  Probe, Dark Templar  
  65  5:28  Gateway  
  65  5:30  Probe, Gateway  
  65  5:33  Gateway  
  66  5:41  Immortal  
  71  5:45  Gateway  
  71  5:49  Charge  
  68  6:05  Dark Templar  
  68  6:07  Zealot  
  68  6:08  Zealot x2  
  68  6:09  Probe  
  76  6:12  Archon  
  76  6:13  Archon  
  76  6:19  Archon  
  76  6:22  Nexus  
  76  6:23  Pylon  
  76  6:31  Immortal  
  76  6:33  Pylon x2  
  76  6:35  Dark Templar  
  78  6:41  Dark Templar  
  78  6:42  Zealot  
  78  6:47  Archon  
  86  6:51  Pylon  
  86  6:56  Zealot, Dark Templar x2  
  86  6:57  Zealot  
  94  7:07  Stalker x2  
  98  7:09  Archon  
  98  7:13  Zealot x2  
  102  7:26  Zealot x4  
  110  7:30  Pylon  
  110  7:51  Zealot x7  
Show
View Real Time Build Order
Export as new Build Order

hinO Zerg 

Build Orders: Hatch First 

Get SALT Encoding   

  12  0:00  Drone  
  13  0:13  Overlord  
  13  0:18  Drone  
  14  0:32  Drone  
  15  0:46  Hatchery  
  15  0:48  Drone  
  15  0:52  Drone  
  15  0:56  Drone  
  17  1:01  Drone  
  18  1:10  Extractor  
  17  1:16  Spawning Pool  
  16  1:20  Drone  
  16  1:23  Drone  
  18  1:34  Drone  
  19  1:48  Hatchery  
  19  1:52  Drone  
  19  2:00  Drone  
  20  2:02  Drone  
  20  2:05  Drone  
  22  2:14  Queen  
  24  2:20  Metabolic Boost  
  24  2:23  Zergling x2  
  24  2:26  Zergling x2  
  26  2:32  Overlord  
  26  2:39  Queen  
  28  2:52  Zergling x4  
  28  2:54  Drone x3  
  28  2:55  Drone  
  34  3:02  Queen  
  34  3:05  Drone  
  37  3:07  Drone  
  37  3:12  Overlord  
  38  3:15  Drone  
  38  3:18  Drone  
  38  3:19  Drone  
  41  3:23  Drone  
  42  3:29  Overlord  
  42  3:35  Drone x5  
  42  3:38  Overlord  
  47  3:42  Drone  
  47  3:53  Drone x2  
  47  3:54  Drone  
  49  3:58  Overlord  
  49  4:02  Lair, Extractor  
  48  4:03  Roach Warren  
  48  4:04  Drone x3, Extractor  
  48  4:09  Drone x2  
  51  4:13  Overlord  
  51  4:14  Drone x2  
  53  4:19  Drone x3  
  53  4:22  Extractor  
  53  4:23  Zergling x2  
  53  4:24  Zergling x2  
  57  4:30  Zergling x4  
  59  4:33  Drone x2  
  61  4:43  Roach x6  
  61  4:44  Zergling x2  
  73  4:53  Spore Crawler  
  72  5:01  Overseer  
  72  5:02  Spore Crawler  
  72  5:06  Drone x4  
  70  5:16  Spore Crawler  
  70  5:17  Drone x5  
  74  5:21  Spire  
  74  5:22  Overlord  
  74  5:25  Drone  
  74  5:27  Spore Crawler  
  73  5:30  Overlord  
  73  5:32  Glial Reconstitution  
  73  5:41  Roach x4  
  81  5:43  Overlord  
  80  5:54  Roach x4  
  84  6:04  Drone  
  84  6:05  Drone x2  
  84  6:06  Drone x3  
  84  6:09  Drone x4  
  84  6:10  Spire  
  93  6:12  Extractor  
  93  6:13  Extractor  
  93  6:16  Drone  
  93  6:17  Drone, Evolution Chamber  
  92  6:20  Overlord  
  92  6:23  Drone  
  92  6:26  Drone x2  
  92  6:29  Drone x2  
  92  6:31  Drone  
  95  6:34  Drone x2  
  95  6:35  Drone  
  98  6:45  Drone x4  
  98  6:46  Drone, Overlord  
  103  6:47  Overlord  
  103  6:52  Roach  
  105  6:56  Overlord  
  105  6:57  Overlord  
  105  7:09  Overlord  
  105  7:22  Mutalisk x10  
  111  7:24  Roach  
  111  7:27  Ravager  
  111  7:29  Zergling x2, Roach  
  130  7:31  Roach  
  130  7:32  Roach  
  130  7:34  Roach  
  136  7:37  Roach  
  136  7:42  Roach  
Tags
 
Add a new tag
Caveats
  • Supply blocks, unpowered buildings, or Contaminate may cause inaccurate times.
  • Supply counts are checked every 10 seconds.